Map: Ruins of Endion

Players

Flash

  • Race: Terran Terran
  • League: Master

Dropbear - Winner!

  • Race: Terran Terran
  • League: Grandmaster

VOD

Have the link to the VOD?

Description

Time

  • Played on: April 9, 2016, 6:16 a.m.
  • Length: 5:14
Show
View Real Time Build Order
Export as new Build Order

Flash Terran 

Build Orders: Reaper Expand 

Get SALT Encoding   

  12  0:00  SCV  
  13  0:13  SCV  
  14  0:19  Supply Depot  
  14  0:25  SCV  
  15  0:40  SCV  
  16  0:43  Barracks  
  16  0:47  Refinery  
  16  0:52  SCV  
  17  1:05  SCV  
  18  1:17  SCV  
  19  1:30  Orbital Command  
  19  1:31  Reaper  
  20  1:43  Command Center  
  20  1:56  SCV  
  20  2:01  Supply Depot  
  20  2:10  SCV, Marine  
  22  2:16  Factory  
  22  2:22  SCV  
  23  2:31  Marine  
  23  2:34  SCV  
  23  2:37  Barracks  
  25  2:38  Refinery  
  25  2:46  SCV  
  26  2:53  Marine  
  26  2:58  SCV  
  28  3:04  Orbital Command  
  27  3:10  SCV  
  27  3:12  Starport, Factory Tech Lab  
  28  3:22  SCV  
  28  3:25  Engineering Bay  
  29  3:27  Marine  
  29  3:28  Marine  
  29  3:33  SCV  
  32  3:34  SCV  
  32  3:39  Siege Tank  
  36  3:44  Supply Depot  
  36  3:46  Supply Depot  
  36  3:48  SCV x2  
  38  4:00  Marine x2  
  38  4:04  SCV  
  38  4:05  SCV  
  38  4:07  Viking  
  38  4:20  Barracks Tech Lab, Barracks Reactor  
  38  4:22  SCV x2  
  40  4:35  Siege Tank  
  43  4:44  SCV x2  
  40  4:49  Marine  
Show
View Real Time Build Order
Export as new Build Order

Dropbear Terran - Winner!

Build Orders: 1/1/1, Widow Mine Drop 

Get SALT Encoding   

  12  0:01  SCV  
  13  0:13  SCV  
  14  0:18  Supply Depot  
  14  0:25  SCV  
  15  0:39  SCV  
  15  0:41  Barracks  
  16  0:45  Refinery  
  16  0:51  SCV  
  16  0:55  Refinery  
  17  1:04  SCV  
  18  1:16  SCV  
  19  1:29  Marine, Orbital Command  
  20  1:34  Factory  
  20  1:44  Supply Depot  
  20  1:49  Marine  
  21  1:57  SCV  
  21  2:10  SCV  
  21  2:13  Barracks Reactor  
  22  2:19  Starport  
  22  2:22  SCV  
  23  2:23  Widow Mine  
  25  2:35  Supply Depot  
  25  2:36  SCV  
  26  2:51  Marine  
  26  2:52  Marine  
  26  2:54  SCV  
  26  2:57  Factory Tech Lab  
  26  2:58  Medivac  
  31  3:09  Marine x2  
  33  3:17  Supply Depot  
  33  3:18  Cyclone  
  36  3:27  Marine x2  
  38  3:39  Medivac, Supply Depot  
  40  3:45  Marine x2  
  42  3:50  Siege Tank  
  45  3:56  SCV  
  45  4:17  SCV  
  45  4:22  Barracks Reactor  
  45  4:23  Siege Tank  
  47  4:29  Viking  
  49  4:32  Supply Depot x2  
  49  4:42  SCV  
  48  4:54  SCV  
Tags
 
Add a new tag
Caveats
  • Supply blocks, unpowered buildings, or Contaminate may cause inaccurate times.
  • Supply counts are checked every 10 seconds.